 Dungeon Crawl Stone Soup version 0.31.0-11-ge490571c62 (webtiles) character file.

Game seed: 5065485183684792649

110 qw the Skirmisher (level 4, -1/25 HPs)
             Began as a Deep Elf Hunter on Feb 4, 2024.
             Slain by a goblin
             ... wielding a +0 dagger
             ... led by Robin
              (2 damage)
             ... on level 3 of the Dungeon.
             The game lasted 00:00:06 (1867 turns).

qw the Skirmisher (Deep Elf Hunter)                 Turns: 1867, Time: 00:00:07

Health: -1/25      AC:  7    Str: 14    XL:     4   Next: 61%
Magic:  6/6        EV: 11    Int: 14    God:
Gold:   120        SH:  0    Dex: 20    Spells: 3/3 levels left

rFire   . . .        a - +0 shortbow
rCold   . . .        (shield currently unavailable)
rNeg    . . .        d - +0 ring mail
rPois   .            (no helmet)
rElec   .            (no cloak)
rCorr   .            (no gloves)
SInv    .            h - +1 pair of boots
Will    .....        (no amulet)
Stlth   +            b - +6 ring of strength
HPRegen 0.24/turn    (no ring)
MPRegen 0.10/turn

%: no passive effects
@: no status effects
A: no striking features
a: no special abilities


You were on level 3 of the Dungeon.
You visited 1 branch of the dungeon, and saw 3 of its levels.

You collected 120 gold pieces.


   Skills:
 - Level 1.5 Fighting
 + Level 8.0 Ranged Weapons
 - Level 2.4 Dodging
 - Level 1.2 Stealth


You had 3 spell levels left.
You didn't know any spells.
Your spell library was empty.

Inventory:

Hand Weapons
 a - a +0 shortbow (weapon)
Armour
 d - a +0 ring mail (worn)
 h - a +1 pair of boots (worn)
Jewellery
 b - a +6 ring of strength (left hand)
Scrolls
 c - a scroll of enchant weapon {unknown}
Potions
 e - a potion of cancellation {unknown}
 f - a potion of mutation {unknown}

Dungeon Overview and Level Annotations

Branches:
Dungeon (3/15)

Altars:
The Shining One


Message History

Robin is moderately wounded.
Robin roars a battlecry!
The goblin goes into a battle-frenzy!
A goblin comes into view. It is wielding a +0 dagger.
Robin misses you.
A hobgoblin comes into view.
The goblin moves out of view.
You hear a shout!
The hobgoblin shouts!
You shoot an arrow. The arrow hits Robin.
Robin is severely wounded.
A hobgoblin comes into view.
Robin hits you with a +0 dagger.
You shoot an arrow. The arrow hits Robin.
Robin is severely wounded.
You shoot an arrow.
The arrow hits Robin but does no damage.
Robin is severely wounded.
Robin hits you with a +0 dagger.
You shoot an arrow.
The arrow hits Robin but does no damage.
Robin is severely wounded.
The goblin no longer looks unusually strong.
Robin says, "Duck!"
Robin roars a battlecry!
The goblin goes into a battle-frenzy!
You shoot an arrow. The arrow completely misses Robin.
The goblin hits you but does no damage. Robin throws the goblin at you!
You shoot an arrow. The arrow hits Robin.
You kill Robin!
The goblin no longer looks unusually strong.
The goblin closely misses you. The goblin barely misses you. x2
Your Ranged Weapons skill increases to level 8!
You shoot an arrow. The arrow closely misses the goblin.
The goblin hits you but does no damage. The goblin misses you.
The goblin hits you with a +0 dagger.
You shoot an arrow. The arrow hits the goblin!
You kill the goblin!
The hobgoblin no longer looks unusually strong.
The goblin hits you with a +0 dagger.
You die...

######....
#......###
#.....## # .#
#.....# ..
#.....# ))
#########.....#
#.
#...##........#
#g#g..##........#
#))@..'.....#####
###g).#.......#
## #...#.......#
#. #...#.......#
#. #####.......#
#. #.......## #.
#........####.
#.............
#.......####..


You could see a hobgoblin and 2 goblins.

Vanquished Creatures
  Robin (D:3)
  3 gnolls (D:3)
  2 adders (D:3)
  2 dart slugs
  2 orcs (D:3)
  5 ball pythons
  2 giant cockroaches (D:1)
  9 goblins
  4 hobgoblins
  3 kobolds
  A quokka (D:1)
  5 bats
  6 frilled lizards
  5 rats
50 creatures vanquished.

Notes
Turn   | Place    | Note
-------+----------+-------------------------------------------
     0 | D:1      | qw the Deep Elf Hunter began the quest for the Orb.
     0 | D:1      | Reached XP level 1. HP: 12/12 MP: 3/3
     0 | D:1      | 0 ||| qw: Version: 0.3-a-160-g6735b56
     0 | D:1      | 0 ||| qw: Game counter: 4845
     0 | D:1      | 0 ||| qw: Melee chars always use a shield: true
     0 | D:1      | 0 ||| qw: God list: Okawaru
     0 | D:1      | 0 ||| qw: Allow faded altars: false
     0 | D:1      | 0 ||| qw: Do Orc after clearing Dungeon:15 true
     0 | D:1      | 0 ||| qw: Do second Lair branch before Depths: true
     0 | D:1      | 0 ||| qw: Lair rune preference: random
     0 | D:1      | 0 ||| qw: Goals: Normal
     0 | D:1      | 0 ||| PLANNING D:1-11
   235 | D:1      | Reached XP level 2. HP: 16/16 MP: 4/4
   237 | D:1      | Reached skill level 6 in Ranged Weapons
   851 | D:1      | 851 ||| UPGRADING to +1 pair of boots.
   856 | D:1      | 856 ||| READING scroll labelled ACAUKK ZUGYWK.
   857 | D:1      | 857 ||| READING scroll labelled BESOPPIHYM.
   858 | D:1      | 858 ||| READING scroll labelled YMEPUY FUCK.
   859 | D:1      | 859 ||| READING scroll labelled YTZETO EXA BENT.
   860 | D:1      | 860 ||| READING scroll labelled POONEF OHUZE.
   864 | D:1      | 864 ||| DRINKING 2 purple potions.
   865 | D:1      | 865 ||| DROPPING scroll of butterflies.
   866 | D:1      | 866 ||| DROPPING potion of brilliance.
  1394 | D:2      | Found a glowing golden altar of the Shining One.
  1467 | D:2      | 1467 ||| UPGRADING to +0 ring mail.
  1477 | D:2      | 1477 ||| DROPPING +0 leather armour.
  1478 | D:2      | 1478 ||| UPGRADING to +6 ring of strength.
  1512 | D:3      | Reached XP level 3. HP: 20/20 MP: 5/5
  1519 | D:3      | 1519 ||| FLEEEEING.
  1520 | D:3      | 1520 ||| FLEEEEING.
  1521 | D:3      | 1521 ||| FLEEEEING.
  1522 | D:3      | 1522 ||| FLEEEEING.
  1579 | D:3      | Reached skill level 7 in Ranged Weapons
  1737 | D:3      | Reached XP level 4. HP: 25/25 MP: 6/6
  1743 | D:3      | 1743 ||| FLEEEEING.
  1744 | D:3      | 1744 ||| FLEEEEING.
  1745 | D:3      | 1745 ||| FLEEEEING.
  1746 | D:3      | 1746 ||| FLEEEEING.
  1747 | D:3      | 1747 ||| FLEEEEING.
  1748 | D:3      | 1748 ||| FLEEEEING.
  1749 | D:3      | 1749 ||| FLEEEEING.
  1750 | D:3      | 1750 ||| FLEEEEING.
  1755 | D:3      | 1755 ||| FLEEEEING.
  1756 | D:3      | 1756 ||| FLEEEEING.
  1757 | D:3      | 1757 ||| FLEEEEING.
  1758 | D:3      | 1758 ||| FLEEEEING.
  1759 | D:3      | 1759 ||| FLEEEEING.
  1760 | D:3      | 1760 ||| FLEEEEING.
  1761 | D:3      | 1761 ||| FLEEEEING.
  1762 | D:3      | 1762 ||| FLEEEEING.
  1763 | D:3      | 1763 ||| FLEEEEING.
  1764 | D:3      | 1764 ||| FLEEEEING.
  1765 | D:3      | 1765 ||| FLEEEEING.
  1766 | D:3      | 1766 ||| FLEEEEING.
  1767 | D:3      | 1767 ||| FLEEEEING.
  1768 | D:3      | 1768 ||| FLEEEEING.
  1769 | D:3      | 1769 ||| FLEEEEING.
  1770 | D:3      | 1770 ||| FLEEEEING.
  1771 | D:3      | 1771 ||| FLEEEEING.
  1772 | D:3      | 1772 ||| FLEEEEING.
  1773 | D:3      | 1773 ||| FLEEEEING.
  1774 | D:3      | 1774 ||| FLEEEEING.
  1775 | D:3      | 1775 ||| FLEEEEING.
  1776 | D:3      | 1776 ||| FLEEEEING.
  1777 | D:3      | 1777 ||| FLEEEEING.
  1778 | D:3      | 1778 ||| FLEEEEING.
  1779 | D:3      | 1779 ||| FLEEEEING.
  1780 | D:3      | 1780 ||| FLEEEEING.
  1781 | D:3      | 1781 ||| FLEEEEING.
  1782 | D:3      | 1782 ||| FLEEEEING.
  1848 | D:3      | Noticed Robin
  1857 | D:3      | HP: 6/25 [poisoned by a goblin]
  1862 | D:3      | HP: 1/25 [Robin/+0 dagger (4)]
  1865 | D:3      | Killed Robin
  1866 | D:3      | Reached skill level 8 in Ranged Weapons
  1867 | D:3      | Slain by a goblin

Levels and vault maps discovered:
D:1:      dpeg_arrival_central, layout_basic, chequers_serial_rivers_small_3
D:2:      layout_basic, basic_altar
D:3:      minmay_skewed_foursquare, layout_basic, dk_noncrumbling_3,
          patterned_corridor, uniq_robin

Skill      XL: |  1  2  3  4 |
---------------+-------------+-----
Ranged Weapons | 6 7 8 |  8.0
Fighting       | |  1.5
Dodging        | |  2.4
Stealth        | |  1.2

Action                     |  1- 3 |  4- 6 || total
---------------------------+-------+-------++-------
   Fire: Shortbow          |    66 |    34 ||   100
    Use: Scroll            |     5 |       ||     5
         Potion            |     1 |       ||     1
 Armour: Leather armour    |     2 |       ||     2
         Ring mail         |     1 |    16 ||    17
  Dodge: Dodged            |     8 |    10 ||    18

Table legend:
 A = Non-vault XP
 B = Vault XP
 C = Vault XP percentage of total XP
 D = Non-vault monster count
 E = Vault monster count
 F = Vault count percentage of total count
                 A         B        C        D         E       F
            +---------+---------+-------+---------+---------+-------
      Total |     106 |      53 |  33.3 |      36 |      14 |  28.0
            +---------+---------+-------+---------+---------+-------
        D:1 |      31 |       0 |   0.0 |      19 |       0 |   0.0
        D:2 |       5 |       0 |   0.0 |       4 |       0 |   0.0
        D:3 |      70 |      53 |  43.1 |      13 |      14 |  51.9
            +---------+---------+-------+---------+---------+-------
